AoeStats
← yuyupinga

QS Arena

503513946Analyzed
1v1 RM · 1mo ago on Sep 1, 2026· 66m 22s· 2 players
Game mode
Random Map
Map size
Tiny (2 player)
Population
200
Speed
Normal
Resources
Standard
Victory
Conquest
Starting age
Dark Age
Ending age
Imperial Age
RankedLock teamsTeams togetherTeam positionsShared explorationLock speedFull tech treeHidden civsTurbo modeCheats
Victory
Defeat
🇲🇽 Vietnamese · Mexico
610
+14
🇨🇿 Turks · Czechia
558
-14
mikulas.ferjencik
8:02 Feudal Age
10:23 Loom
13:00 Castle Age
11:12 Horse Collar
11:28 Double-Bit Axe
16:06 Wheelbarrow
17:18 Bow Saw
20:45 Hand Cart
27:33 Imperial Age
25:27 Man-at-Arms
26:08 Squires
25:54 Arson
26:32 Masonry
27:39 Husbandry
27:50 Bloodlines
27:57 Forging
28:13 Ballistics
27:35 Treadmill Crane
27:36 Long Swordsman
33:15 Scale Mail Armor
33:51 Iron Casting
33:07 Fletching
33:18 Padded Archer Armor
33:24 Scale Barding Armor
33:57 Two-Handed Swordsman
35:10 Architecture
34:37 Murder Holes
34:53 Fortified Wall
35:07 Chain Mail Armor
36:49 Leather Archer Armor
36:30 Bodkin Arrow
37:36 Blast Furnace
37:02 Conscription
39:54 Champion
40:05 Heavy Camel Rider
41:35 Hoardings
40:52 Elite Janissary
42:29 Artillery
44:17 Bracer
44:51 Chain Barding Armor
45:50 Plate Mail Armor
45:51 Ring Archer Armor
yuyupinga
1:40 Loom
9:08 Feudal Age
11:21 Wheelbarrow
10:37 Double-Bit Axe
11:00 Horse Collar
17:56 Castle Age
17:23 Scale Barding Armor
17:30 Forging
20:18 Bow Saw
20:12 Heavy Plow
21:09 Hand Cart
20:51 Fletching
22:54 Thumb Ring
22:10 Elite Skirmisher
24:50 Crossbowman
26:58 Bloodlines
26:48 Husbandry
33:34 Imperial Age
32:20 Padded Archer Armor
32:10 Fletching
32:56 Iron Casting
32:41 Chain Barding Armor
32:40 Gold Mining
32:40 Stone Mining
33:48 Imperial Skirmisher
35:21 Elite Battle Elephant
35:31 Elite Rattan Archer
36:41 Paper Money
37:40 Ballistics
38:20 Chemistry
38:02 Plate Barding Armor
37:43 Leather Archer Armor
37:30 Bodkin Arrow
37:49 Chatras
41:52 Ring Archer Armor
41:31 Bracer
48:32 Two-Man Saw
48:11 Crop Rotation
52:43 Scale Mail Armor
Connection lost

Rejoining the realm…

Still unreachable

The connection could not be restored.

Session expired

The server has moved on; the page needs a fresh start.